 Dungeon Crawl Stone Soup version 0.31-a0-210-gccc998df9b (webtiles) character file.

Game seed: 5332019189097907978

357 qw the Shooter (level 6, -1/49 (52) HPs)
             Began as a Minotaur Hexslinger on June 30, 2023.
             Slain by a wight
             ... wielding a +3 halberd
              (5 damage)
             ... on level 4 of the Dungeon.
             The game lasted 00:01:04 (2577 turns).

qw the Shooter (Minotaur Hexslinger)                Turns: 2577, Time: 00:01:05

HP:   -1/49 (52)    AC:  7    Str: 13    XL:     6   Next: 36%
MP:   6/6           EV: 11    Int: 10    God:
Gold: 29            SH:  0    Dex: 14    Spells: 6/7 levels left

rFire   + . .        Y - +5 sling
rCold   . . .        (no shield)
rNeg    . . .        g - +0 ring mail
rPois   .            (helmet restricted)
rElec   .            j - +0 cloak
rCorr   .            k - +0 pair of gloves
SInv    .            (no boots)
Will    .....        (no amulet)
Stlth   +            e - ring of protection from fire
HPRegen 0.28/turn    (no ring)
MPRegen 0.10/turn

%: no passive effects
@: drained
A: horns 2, retaliatory headbutt
a: no special abilities


You were on level 4 of the Dungeon.
You visited 1 branch of the dungeon, and saw 4 of its levels.

You collected 150 gold pieces.
You spent 121 gold pieces at shops.


Innate Abilities, Weirdness & Mutations

You have a pair of horns on your head.
You reflexively headbutt those who attack you in melee.


   Skills:
 - Level 4.1 Fighting
 + Level 6.3 Ranged Weapons
 - Level 1.1 Armour
 - Level 2.1 Dodging
 - Level 1.0 Spellcasting
 - Level 2.0 Hexes


You had 6 spell levels left.
You knew the following spells:

 Your Spells              Type           Power      Damage    Failure   Level
a - Slow                  Hex            16%        N/A       32%         1

Your spell library contained the following spells:

 Spells                   Type           Power      Damage    Failure   Level
 Inner Flame              Hex/Fire       2%         N/A       82%         3
 Portal Projectile        Hex/Tloc       4%         N/A       82%         3
 Cause Fear               Hex            2%         N/A       97%         4

Inventory:

Hand Weapons
 Y - a +5 sling (weapon)
Armour
 g - a +0 ring mail (worn)
 j - a +0 cloak (worn)
 k - a +0 pair of gloves (worn)
Jewellery
 e - a ring of protection from fire (left hand)
 f - a ring of ice
Scrolls
 c - 2 scrolls of identify
Potions
 a - a potion of enlightenment
 d - a potion of degeneration {unknown}
 i - a potion of haste

Dungeon Overview and Level Annotations

Branches:
Dungeon (4/15)
 Temple: D:4-7

Altars:
Hepliaklqana
Kikubaaqudgha
Uskayaw

Shops:
D:3 [


Message History

The sling bullet barely misses the hound zombie.
The hound zombie bites you.
The wight hits you from afar with a +3 halberd!
The hound zombie barely misses you. You furiously retaliate!
You headbutt the hound zombie. The wight barely misses you.
You shoot a sling bullet.
The sling bullet barely misses the hound zombie.
The hound zombie bites you.
The wight hits you from afar with a +3 halberd!
You shoot a sling bullet.
The sling bullet closely misses the hound zombie.
The hound zombie bites you but does no damage. x2
The wight hits you from afar with a +3 halberd.
You shoot a sling bullet. The sling bullet hits the hound zombie.
The hound zombie is heavily damaged.
The hound zombie bites you.
The wight hits you from afar with a +3 halberd.
You feel drained. The hound zombie bites you.
You shoot a sling bullet. The sling bullet hits the hound zombie.
The hound zombie is heavily damaged.
The wight hits you from afar with a +3 halberd!
You feel drained. The hound zombie barely misses you.
You shoot a sling bullet.
The sling bullet barely misses the hound zombie.
The hound zombie misses you. The wight barely misses you.
The hound zombie bites you but does no damage.
The wight hits you from afar with a +3 halberd.
You shoot a sling bullet. The sling bullet hits the hound zombie.
The hound zombie is heavily damaged.
The hound zombie closely misses you. The wight barely misses you.
You shoot a sling bullet. The sling bullet hits the hound zombie!
The hound zombie is almost destroyed.
The hound zombie barely misses you. You furiously retaliate!
You headbutt the hound zombie!
You destroy the hound zombie!
The wight misses you.
You shoot a sling bullet.
The sling bullet closely misses the wight.
The wight hits you from afar with a +3 halberd.
You die...

######### #z#_#.#.#
#+#+#'#'#'#'#####
#.....@......'..#######
#+#+#'#'#'#'###........
#.#.#.#.##8.#######
###########........
#.####### #.# # #####.#
# ...#.# # #######.#.#
#####


You could see a wight.

Vanquished Creatures
  A centaur zombie (D:4)
  A bullfrog zombie (D:4)
  A human zombie (D:4)
  2 orc priests
  A sleepcap (D:4)
  A hound zombie (D:4)
  A mummy (D:4)
  4 adders
  3 gnolls
  2 adder zombies (D:4)
  A worm (D:3)
  2 dart slugs
  5 orcs
  4 ball pythons
  5 bats
  7 endoplasms
  4 giant cockroaches (D:1)
  3 goblins (D:2)
  8 hobgoblins
  3 kobolds
  2 quokkas
  3 frilled lizards (D:1)
  5 rats
69 creatures vanquished.

Notes
Turn   | Place    | Note
-------+----------+-------------------------------------------
     0 | D:1      | qw the Minotaur Hexslinger began the quest for the Orb.
     0 | D:1      | Reached XP level 1. HP: 16/16 MP: 1/1
     0 | D:1      | 0 ||| qw: Version: 0.3-a-26-gee661ec
     0 | D:1      | 0 ||| qw: Game counter: 7181
     0 | D:1      | 0 ||| qw: Melee chars always use a shield: true
     0 | D:1      | 0 ||| qw: God list: Okawaru
     0 | D:1      | 0 ||| qw: Allow faded altars: false
     0 | D:1      | 0 ||| qw: Do Orc after clearing Dungeon:15 true
     0 | D:1      | 0 ||| qw: Do second Lair branch before Depths: true
     0 | D:1      | 0 ||| qw: Lair rune preference: random
     0 | D:1      | 0 ||| qw: Goals: Normal
     0 | D:1      | 0 ||| PLANNING D:1-11
    49 | D:1      | Found a faded altar of an unknown god.
   161 | D:1      | Reached skill level 3 in Ranged Weapons
   161 | D:1      | Reached XP level 2. HP: 23/23 MP: 2/2
   336 | D:1      | Reached XP level 3. HP: 29/29 MP: 3/3
   399 | D:1      | 399 ||| UPGRADING to +0 ring mail.
   409 | D:1      | 409 ||| DROPPING +0 robe.
   410 | D:1      | 410 ||| READING scroll labelled QUUDIAS ZUONUA.
   411 | D:1      | 411 ||| READING 2 scrolls labelled ECLEOLIDOA.
   412 | D:1      | 412 ||| READING scroll labelled NUUMOYZXOO.
   417 | D:1      | 417 ||| DROPPING scroll of poison.
   418 | D:1      | 418 ||| DROPPING scroll of noise.
   444 | D:2      | 444 ||| STAIRDANCE
   447 | D:1      | HP: 6/29 [gnoll/+0 spear (5)]
   448 | D:1      | HP: 1/29 [frozen (4)]
   563 | D:2      | 563 ||| STAIRDANCE
   580 | D:2      | 580 ||| STAIRDANCE
   588 | D:1      | Reached skill level 4 in Ranged Weapons
   675 | D:2      | 675 ||| STAIRDANCE
   719 | D:2      | Reached skill level 1 in Armour
   740 | D:2      | Reached XP level 4. HP: 28/36 MP: 4/4
  1201 | D:2      | Identified the +1 robe "Niaripoy" {Harm Int+2}
  1453 | D:2      | 1453 ||| DROPPING +1 robe "Niaripoy" {Harm Int+2}.
  1454 | D:2      | 1454 ||| READING scroll labelled JEASOD GOCOOCE.
  1455 | D:2      | 1455 ||| READING 2 scrolls labelled GOGUAK EXTU.
  1456 | D:2      | 1456 ||| READING 3 scrolls labelled BEWIMAFOSU.
  1457 | D:2      | 1457 ||| READING 2 scrolls of identify.
  1457 | D:2      | 1457 ||| IDENTIFYING fuming puce potion
  1458 | D:2      | 1458 ||| DROPPING scroll of revelation.
  1477 | D:3      | 1477 ||| STAIRDANCE
  1538 | D:3      | 1538 ||| STAIRDANCE
  1542 | D:2      | Reached skill level 5 in Ranged Weapons
  1598 | D:3      | Found a hazy altar of Hepliaklqana.
  1684 | D:3      | Reached XP level 5. HP: 36/42 MP: 5/5
  1827 | D:3      | Found a hide-covered altar of Uskayaw.
  2046 | D:3      | Reached skill level 3 in Fighting
  2211 | D:3      | Found Wipul's Antique Armour Boutique.
  2219 | D:3      | 2219 ||| BUYING cloak (121 gold).
  2219 | D:3      | Bought a cloak for 121 gold pieces
  2219 | D:3      | 2219 ||| SHOPLISTING glowing robe (99 gold, have 29).
  2324 | D:3      | 2324 ||| UPGRADING to +0 cloak.
  2329 | D:3      | 2329 ||| UPGRADING to +0 pair of gloves.
  2334 | D:3      | 2334 ||| UPGRADING to ring of protection from fire.
  2335 | D:3      | 2335 ||| READING 4 scrolls labelled SIGAAFF ZESO.
  2336 | D:3      | 2336 ||| READING 3 scrolls of enchant weapon.
  2336 | D:3      | 2336 ||| ENCHANTING +2 sling.
  2337 | D:3      | 2337 ||| READING 2 scrolls of enchant weapon.
  2337 | D:3      | 2337 ||| ENCHANTING +3 sling.
  2338 | D:3      | 2338 ||| READING scroll of enchant weapon.
  2338 | D:3      | 2338 ||| ENCHANTING +4 sling.
  2339 | D:3      | 2339 ||| READING scroll labelled MEAHODOUFE.
  2340 | D:3      | 2340 ||| DRINKING 2 dark potions.
  2464 | D:4      | Reached skill level 6 in Ranged Weapons
  2478 | D:4      | Reached XP level 6. HP: 42/51 MP: 6/6
  2534 | D:4      | Found an ancient bone altar of Kikubaaqudgha.
  2573 | D:4      | HP: 6/50 [wight/+3 halberd (12)]
  2577 | D:4      | Slain by a wight

Levels and vault maps discovered:
D:1:      dpeg_arrival_rooms_a, layout_rooms,
          hellmonk_ecumenical_altar_crossroads
D:2:      layout_loops_ring
D:3:      layout_basic, mainiacjoe_overflow_alcove_4,
          mainiacjoe_overflow_brackets, serial_shops, shop
D:4:      layout_basic, lemuel_mausoleum_altar_kikubaaqudgha,
          lemuel_crystal_altar, nicolae_qazlal_eye_of_the_storm,
          gammafunk_temple_overflow_elements,
          minmay_temple_entry_statues_pillars, serial_shops, shop,
          nicolae_shop_real_fake_doors, shop

Skill      XL: |  1  2  3  4  5  6 |
---------------+-------------------+-----
Ranged Weapons | 3 4 5 6 |  6.3
Fighting       | 2 3 4 |  4.1
Armour         | 1 |  1.1
Dodging        | |  2.1
Spellcasting   | |  1.0
Hexes          | |  2.0

Action                     |  1- 3 |  4- 6 || total
---------------------------+-------+-------++-------
   Fire: Sling             |    95 |   153 ||   248
    Use: Scroll            |     3 |     9 ||    12
         Potion            |       |     1 ||     1
 Armour: Robe              |     4 |       ||     4
         Ring mail         |    12 |    35 ||    47
  Dodge: Dodged            |    32 |    51 ||    83

Table legend:
 A = Non-vault XP
 B = Vault XP
 C = Vault XP percentage of total XP
 D = Non-vault monster count
 E = Vault monster count
 F = Vault count percentage of total count
                 A         B        C        D         E       F
            +---------+---------+-------+---------+---------+-------
      Total |     322 |     188 |  36.9 |      62 |       7 |  10.1
            +---------+---------+-------+---------+---------+-------
        D:1 |      75 |       0 |   0.0 |      28 |       0 |   0.0
        D:2 |     109 |       0 |   0.0 |      17 |       0 |   0.0
        D:3 |      51 |       0 |   0.0 |      12 |       0 |   0.0
        D:4 |      87 |     188 |  68.4 |       5 |       7 |  58.3
            +---------+---------+-------+---------+---------+-------
